[Event "Early-Titled-Tuesday-Blitz-June-18-2024"]
[Site "Chess.com"]
[Date "2024.06.18"]
[Round "7"]
[White "AlexeiShirov"]
[Black "UF_10"]
[Result "1/2-1/2"]
[WhiteElo "2872"]
[BlackElo "2566"]
[TimeControl "180+1"]
[EndTime "9:22:16 PDT"]
[Termination "Game drawn by repetition"]

1. e4 e6 2. d4 d5 3. e5 c5 4.
c3 Qb6 5. Nf3 Bd7 6. Be2 Bb5 7.
dxc5 Bxc5 8. b4 Bf8 9. O-O Bxe2 10. Qxe2 Ne7 11. Be3 Qc7 12. Na3 a6 13. c4 Nbc6 14. Rac1 d4 15. Nxd4 Qxe5 16. Nf3 Qh5 17. b5 Ne5 18.
bxa6 bxa6 19. Nd4 Qxe2 20. Nxe2 Nf5 21. c5 Rc8 22. Nc4 Nxc4 23. Rxc4 Nxe3 24. fxe3 Rxc5 25. Ra4 a5 26. Rb1 Bd6 27. Nd4 O-O 28. Rb5 Rfc8 29. Raxa5 Rc1+ 30. Kf2 Bxh2 31. Rb7 h6 32. Raa7 Rf8 33.
Ke2 Be5 34. Nf3 Bf6 35. Rc7 Rb1 36. Nd2 Rb2 37. Rcb7 Rc2 38. Kd3 Rc3+ 39. Ke2 Rd8 40. Ne4 Rc2+ 41. Kf3 Rf8 42. Nxf6+ gxf6 43. a4 Kg7 44. a5 Kg6 45. a6 Ra2 46. Rb6 Rd8 47. Rc7 Ra8 48. Rcc6 Ra5 49. Ke4 Ra4+ 50. Kd3 Kf5 51. Kc3 Ra5 52. Kb4 Ra1 53. Kc5 Rc1+ 54. Kd6 Ra1 55. Ke7 Ra7+ 56. Kf8 Ke4 57. Kg7 Kxe3 58. Kxf6 Kd4 59. Kg7 Kd5 60. Kxh6 Rg1 61. Rd6+ Kc5 62. Rbc6+ Kb5 63. Rb6+ Ka5 64. Rb2 Ra1 65. Kg7 Rxa6 66. Rxa6+ Kxa6 67. Kxf7 Re1 68. g4 e5 69. g5 e4 70. g6 e3 71. g7 Rf1+ 72. Kg8 Rf2 73. Rb1 e2 74. Re1 Rg2 75.
Kf7 Rf2+ 76. Kg6 Rg2+ 77. Kf6 Rf2+ 78. Ke5 Rg2 79. Kf6 Rf2+ 80. Kg6 Rg2+ 81. Kf7 Rf2+ 82. Kg6 1/2-1/2

[Event "Early-Titled-Tuesday-Blitz-June-18-2024"]
[Site "Chess.com"]
[Date "2024.06.18"]
[Round "7"]
[White "Evan_Attaker"]
[Black "Rsnr"]
[Result "1-0"]
[WhiteElo "2735"]
[BlackElo "2902"]
[TimeControl "180+1"]
[EndTime "9:22:25 PDT"]
[Termination "Evan_Attaker won on time"]

1. a3 d5 2. Nf3 Bf5 3. e3 e6 4. c4 Nf6 5. b3 c6 6. Bb2 h6 7. Be2 Nbd7 8. d3 Be7 9. Nbd2 O-O 10. O-O a5 11. Rc1 Re8 12. Qc2 Bh7 13. Qb1 Nc5 14.
Rfd1 Nfd7 15. Qa1 Bf6 16. Ne5 Bxe5 17. Bxe5 Nxe5 18. Qxe5 Nxd3 19. Bxd3 Bxd3 20. e4 Qb6 21. Rc3 Bxe4 22. Nxe4 dxe4 23. c5 Rad8 24. Re1 Qb5 25. Qxe4 Rd5 26. b4 axb4 27. axb4 Ra8 28. h4 Ra4 29. Rb1 Ra2 30. Rf3 Qe2 31. Qxe2 Rxe2 32.
Ra1 Rd7 33. Rf4 Rb2 34. Ra8+ Kh7 35. h5 e5 36. Re4 f6 37. Rb8 Rbd2 38. b5 cxb5 39.
Rb4 Rd1+ 40. Kh2 R1d5 41. Rxb5 Rc7 42. R5xb7 Rxb7 43. Rxb7 Rxc5 44. g4 Kg8 45. Rb8+ Kh7 46. Rb7 Rd5 47. Kg3 Rd3+ 48. Kg2 Rd4 49. f3 Rd8 50. Kg3 Kg8 51. Ra7 Kf8 52. Rb7 Re8 53. Ra7 Re7 54. Ra8+ Kf7 55. Ra6 Rd7 56. Rb6 Ke7 57.
Ra6 Rc7 58. Rb6 Kf7 59. Ra6 Rc3 60. Ra7+ Kf8 61. Ra8+ Kf7 62. Ra7+ Kg8 63. Ra8+ Kh7 64. Kg2 Rc7 65. Kg3 Rf7 66. Ra6 f5 67. Ra5 f4+ 68. Kf2 Re7 69. Ke2 g6 70. hxg6+ Kxg6 71.
Kd3 Kg5 72. Ke4 Re8 73. Rxe5+ Rxe5+ 74. Kxe5 Kg6 75. Kxf4 Kf6 76. Ke4 Ke6 77. f4 Kf6 78. Kf3 Ke6 79. Kg3 Kf6 80. Kh4 Kg6 81. Kg3 Kf6 82. Kf3 Ke6 83. Ke4 Kf6 84. f5 Kg5 85.
Ke5 1-0

[Event "Early-Titled-Tuesday-Blitz-June-18-2024"]
[Site "Chess.com"]
[Date "2024.06.18"]
[Round "7"]
[White "Muracle"]
[Black "Losingexperience"]
[Result "1/2-1/2"]
[WhiteElo "2598"]
[BlackElo "2763"]
[TimeControl "180+1"]
[EndTime "9:22:26 PDT"]
[Termination "Game drawn by repetition"]

1. d4 Nf6 2. g3 g6 3. Bg2 Bg7 4. Nf3 O-O 5. O-O d6 6. c4 Nbd7 7. Nc3 e5 8. e4 exd4 9. Nxd4 Re8 10.
Re1 Nc5 11. h3 Bd7 12. Bg5 h6 13. Bf4 Nh5 14. Be3 Nf6 15. Qc2 a5 16. Rad1 Qc8 17.
Kh2 Re5 18. g4 Bxg4 19. hxg4 Qxg4 20. f3 Rh5+ 21. Kg1 Qg3 22. Qf2 Qh2+ 23. Kf1 Re8 24. Nde2 Ne6 25. Qg3 Nd7 26. Qxh2 Rxh2 27. Kg1 Rh5 28.
Ng3 Rh4 29. Rd2 Ne5 30. b3 Nxf3+ 31. Bxf3 Bxc3 32. Red1 Bxd2 33. Rxd2 Ng5 34. Bg2 Rg4 35. Kf2 h5 36. Bf3 Rxg3 37. Kxg3 Nxe4+ 38. Bxe4 Rxe4 39. Kf3 f5 40. Rd5 b6 41. Rd4 Rxd4 42. Bxd4 Kf7 43. Kf4 Ke6 44. Kg5 c6 45. Bxb6 d5 46. cxd5+ Kxd5 47.
Kxg6 f4 48. Kxh5 Ke4 49. Kg4 a4 50. bxa4 c5 51. Bxc5 f3 52. Bf2 Kd5 53. Kxf3 Kc6 54. Ke3 Kb7 55. Kd3 Ka8 56. Kc3 Kb8 57. Kb3 Ka8 58.
Kb4 Kb8 59. a3 Ka8 60. a5 Kb8 61. Ka4 Ka8 62. Kb5 Kb8 63. Kb4 Ka8 64. a6 Kb8 65.
Kb5 Ka8 66. Kb6 Kb8 67. Be1 Ka8 68. Bd2 Kb8 69. Bc3 Ka8 70. Bb4 Kb8 71. a4 Ka8 72. a5 Kb8 73. Kb5 Ka8 74. Ka4 Kb8 75.
Bc5 Ka8 76. Kb5 Kb8 77. Kc6 Ka8 78. Bb4 Ka7 79. Kc7 Ka8 80. Kc8 Ka7 81. Be1 Ka8 82.
Kd7 Ka7 83. Kc6 Ka8 84. Bf2 Kb8 85. Kd7 Ka8 86. Bc5 Kb8 87. Kc6 Ka8 88. Bb6 Kb8 89.
Bc7+ Ka8 90. Kd7 Ka7 91. Kc8 Ka8 92. Kd7 Ka7 93. Bb6+ Ka8 94. Kc6 Kb8 95. Bc5 1/2-1/2

[Event "Early-Titled-Tuesday-Blitz-June-18-2024"]
[Site "Chess.com"]
[Date "2024.06.18"]
[Round "7"]
[White "Gyulamiryan-koryun"]
[Black "micke12a"]
[Result "0-1"]
[WhiteElo "1605"]
[BlackElo "2381"]
[TimeControl "180+1"]
[EndTime "9:22:38 PDT"]
[Termination "micke12a won on time"]

1. d4 Nf6 2. c4 g6 3. Nc3 d5 4. h4 c5 5. cxd5 Nxd5 6. e4 Nxc3 7.
bxc3 Bg7 8. Be3 Qa5 9. Qd2 Nc6 10. Nf3 Bg4 11. e5 cxd4 12. cxd4 Qxd2+ 13. Nxd2 Rd8 14. Nb3 Be6 15. Rd1 f6 16. f4 fxe5 17. dxe5 Rxd1+ 18. Kxd1 Kf7 19. Be2 Rd8+ 20. Ke1 Nb4 21.
Kf2 a6 22. Nc5 Bd5 23. h5 b6 24. Nxa6 Nxa6 25. Bxa6 Ra8 26. hxg6+ hxg6 27. Be2 Rxa2 28. Bxb6 Bxg2 29. Kxg2 Rxe2+ 30. Kf3 Rb2 31. Bd4 Rb3+ 32.
Ke4 Ke6 33. Rc1 Rb7 34. Rc6+ Kf7 35. e6+ Kg8 36. Bxg7 Kxg7 37. Ke5 Rb5+ 38. Ke4 Kf6 39. Ra6 Rb4+ 40. Ke3 Kf5 41. Ra7 Kxe6 42. Ra6+ Kf5 43. Ra5+ Kf6 44. Ra6+ e6 45. Kf3 Rb5 46. Ke4 Rb4+ 47.
Kf3 Rb1 48. Ke4 Rf1 49. Ke3 Kf5 50. Ra5+ Kf6 51. Ra6 Re1+ 52. Kf3 Rb1 53. Ke4 Rb3 54. Rc6 Ra3 55. Rb6 Ra4+ 56. Kf3 Ra5 57. Rc6 Kf5 58.
Rb6 Ra3+ 59. Ke2 Kxf4 60. Rb5 e5 61. Rc5 e4 62. Rc6 Ra2+ 63. Kf1 g5 64. Rf6+ Kg4 65. Re6 Kf3 66. Rf6+ Ke3 67. Rf7 Ra5 68. Kg2 Ra2+ 69. Kf1 Ra1+ 70. Kg2 g4 71. Rf6 Ra2+ 72. Kf1 Rh2 73. Kg1 g3 74. Rg6 Kf3 75. Rf6+ Kg4 76. Rg6+ Kf4 77. Rf6+ Kg5 78. Re6 Kf5 79. Re8 Rb2 80.
Rf8+ Kg4 81. Rg8+ Kf3 82. Rf8+ Ke3 83. Kf1 g2+ 84. Kg1 Ke2 85. Kxg2 e3 86. Re8 Rb6 87. Rd8 Rg6+ 88. Kh3 Ke1 89. Re8 e2 90. Kh2 Rg4 91. Kh1 Kd2 92. Rd8+ Ke3 93. Re8+ Re4 0-1

[Event "Early-Titled-Tuesday-Blitz-June-18-2024"]
[Site "Chess.com"]
[Date "2024.06.18"]
[Round "7"]
[White "maximnovik"]
[Black "KnightDuta"]
[Result "1/2-1/2"]
[WhiteElo "2558"]
[BlackElo "2742"]
[TimeControl "180+1"]
[EndTime "9:22:49 PDT"]
[Termination "Game drawn by repetition"]

1. e4 d5 2. exd5 Nf6 3. c4 c6 4.
d4 cxd5 5. Nc3 Nc6 6. Bg5 Be6 7. g3 h6 8. Bxf6 exf6 9. Bg2 Bb4 10. Ne2 O-O 11.
O-O Ne7 12. c5 Bg4 13. Qb3 Bxc3 14. Nxc3 Qd7 15. Nxd5 Nc6 16. Ne3 Nxd4 17. Qxb7 Qxb7 18. Bxb7 Rab8 19. Bg2 Be2 20. Rfc1 Rxb2 21. c6 Ba6 22. Rc5 Rc8 23. Rd1 Ne6 24. Ra5 Bb5 25. Rc1 Nd4 26.
Kh1 Rxf2 27. c7 Bd7 28. Rxa7 Ne6 29. Nd5 Rd2 30. Ne7+ Kh7 31. Nxc8 Bxc8 32. Ra8 Bd7 33. c8=Q Bxc8 34. Raxc8 Rxa2 35. Be4+ g6 36. Bd5 Ra6 37. Bxe6 Rxe6 38. R8c6 Re5 39. Rxf6 Kg7 40. Rf2 Re7 41. Kg2 h5 42. Rcf1 g5 43. Rd2 f6 44. Rfd1 Kg6 45.
Rd8 Re2+ 46. Kg1 Ra2 47. R1d2 Ra1+ 48. Kg2 Ra3 49. R8d6 Ra7 50. Rf2 Rf7 51. h4 g4 52.
Rf4 Kg7 53. Kf2 Kg6 54. Ke3 Re7+ 55. Kd4 Rf7 56. Kd5 Kg7 57. Rf2 Ra7 58. Rfxf6 Ra3 59. Rg6+ Kf7 60. Rdf6+ Ke7 61. Rb6 Rxg3 62. Rb7+ Kf8 63.
Rc6 Rd3+ 64. Ke4 Rd8 65. Rh6 Kg8 66. Rxh5 g3 67. Rg5+ Kh8 68. Rxg3 Rd4+ 69. Kf3 Rf4+ 70. Kg2 Rf2+ 71. Kh3 Rh2+ 72. Kg4 Rxh4+ 73. Kg5 Rh5+ 74.
Kg4 Rh4+ 75. Kf3 Rf4+ 76. Kg2 Rf2+ 77. Kg1 Rf1+ 78. Kh2 Rh1+ 79. Kg2 Rh2+ 80. Kf3 Rf2+ 81. Ke3 Re2+ 82. Kd3 Rd2+ 83. Kc3 Rc2+ 84. Kd4 Rc4+ 85. Kd5 Rd4+ 86. Kc6 Rd6+ 87. Kc7 Rc6+ 88. Kd7 Rd6+ 89.
Ke7 Re6+ 90. Kf7 Rf6+ 91. Ke7 Re6+ 92. Kd7 Rd6+ 93. Kc7 Rc6+ 94. Kb8 Rc8+ 95. Ka7 Ra8+ 96. Kb6 Ra6+ 97. Kc7 Rc6+ 1/2-1/2

[Event "Early-Titled-Tuesday-Blitz-June-18-2024"]
[Site "Chess.com"]
[Date "2024.06.18"]
[Round "8"]
[White "Renatoforf"]
[Black "Gyulamiryan-koryun"]
[Result "0-1"]
[WhiteElo "2116"]
[BlackElo "1624"]
[TimeControl "180+1"]
[EndTime "9:24:50 PDT"]
[Termination "Gyulamiryan-koryun won by resignation"]

1. e4 c5 2. Nf3 d6 3. d4 cxd4 4.
Nxd4 Nf6 5. Nc3 a6 6. f4 e6 7. Qf3 Be7 8. Be3 Qc7 9. Bd3 Nbd7 10. O-O b5 11. e5 Bb7 12. Qg3 dxe5 13. fxe5 Qxe5 14.
Qxe5 Nxe5 0-1

[Event "Early-Titled-Tuesday-Blitz-June-18-2024"]
[Site "Chess.com"]
[Date "2024.06.18"]
[Round "8"]
[White "dianamirza"]
[Black "Alenzer"]
[Result "0-1"]
[WhiteElo "1786"]
[BlackElo "2171"]
[TimeControl "180+1"]
[EndTime "9:24:59 PDT"]
[Termination "Alenzer won by resignation"]

1. e4 c5 2. Nf3 e6 3. d4 cxd4 4. Nxd4 Nf6 5. Nc3 Nc6 6. Be3 Bb4 7. f3 d5 8. Bb5 Bxc3+ 9. bxc3 Qa5 10.
Bd3 Qxc3+ 11. Kf2 Nxd4 12. Bxd4 Qxd4+ 0-1

[Event "Early-Titled-Tuesday-Blitz-June-18-2024"]
[Site "Chess.com"]
[Date "2024.06.18"]
[Round "8"]
[White "bazar-wokzal"]
[Black "FXDon77"]
[Result "1-0"]
[WhiteElo "2601"]
[BlackElo "2854"]
[TimeControl "180+1"]
[EndTime "9:25:15 PDT"]
[Termination "bazar-wokzal won by resignation"]

1. e4 c5 2. c3 e6 3. d4 d5 4. exd5 Qxd5 5. Nf3 Nc6 6. a3 Nf6 7. Be3 cxd4 8. cxd4 a6 9. Nc3 Qd6 10. Bd3 Be7 11.
Qc2 h6 12. O-O O-O 13. Rac1 Bd7 14. Qd2 Rfd8 15. Bf4 1-0

[Event "Early-Titled-Tuesday-Blitz-June-18-2024"]
[Site "Chess.com"]
[Date "2024.06.18"]
[Round "8"]
[White "FMalexhdez"]
[Black "Smiechu"]
[Result "0-1"]
[WhiteElo "2280"]
[BlackElo "2348"]
[TimeControl "180+1"]
[EndTime "9:25:31 PDT"]
[Termination "Smiechu won by resignation"]

1. e4 c5 2. Nf3 g6 3. d4 cxd4 4. Nxd4 Nc6 5. Nc3 Bg7 6. Nb3 Nf6 7. Be2 O-O 8. O-O d6 9. Re1 Bd7 10. Bf1 Rc8 11. Nd5 Ne5 12. c3 Bc6 13. Bg5 Ned7 14. Nd4 Bxd5 15. exd5 Nxd5 16. c4 N5f6 17. g3 Re8 18.
Bg2 Rxc4 19. Bxb7 Qb6 20. Nc6 Rxc6 21. Bxc6 Qxc6 22. Rc1 Qb5 23. Qd4 Qxg5 0-1

[Event "Early-Titled-Tuesday-Blitz-June-18-2024"]
[Site "Chess.com"]
[Date "2024.06.18"]
[Round "8"]
[White "Crazy_girl99"]
[Black "falzehope0"]
[Result "1-0"]
[WhiteElo "2615"]
[BlackElo "2443"]
[TimeControl "180+1"]
[EndTime "9:25:42 PDT"]
[Termination "Crazy_girl99 won by resignation"]

1. e4 d5 2. exd5 Nf6 3. Nc3 g6 4. Bc4 Bg7 5. Nf3 Nbd7 6. d4 a6 7. O-O Nb6 8. Bb3 O-O 9. h3 Nbxd5 10. Nxd5 Nxd5 11. c4 Nf6 12. Be3 b6 13. d5 Nd7 14. Nd4 Nc5 15. Bc2 a5 16. Nc6 Qd7 17. Re1 Re8 18. Bd4 Bf8 19. Qf3 Bb7 20. Ne5 Qd8 21.
Qxf7+ 1-0

[Event "Early-Titled-Tuesday-Blitz-June-18-2024"]
[Site "Chess.com"]
[Date "2024.06.18"]
[Round "8"]
[White "Guldona_2007"]
[Black "betta2004"]
[Result "1-0"]
[WhiteElo "2287"]
[BlackElo "2459"]
[TimeControl "180+1"]
[EndTime "9:25:43 PDT"]
[Termination "Guldona_2007 won by resignation"]

1. e4 d6 2. d4 Nf6 3. Nc3 e5 4.
Nf3 Nbd7 5. Bc4 c6 6. dxe5 dxe5 7. Ng5 Bc5 8. Nxf7 Qb6 9. Nxh8 Bxf2+ 10. Kf1 Nc5 11. Qd6 1-0

[Event "Early-Titled-Tuesday-Blitz-June-18-2024"]
[Site "Chess.com"]
[Date "2024.06.18"]
[Round "8"]
[White "Moon_stone123"]
[Black "NovakRatko"]
[Result "1-0"]
[WhiteElo "2604"]
[BlackElo "2425"]
[TimeControl "180+1"]
[EndTime "9:25:58 PDT"]
[Termination "Moon_stone123 won by resignation"]

1. e4 d5 2. exd5 c6 3. d4 cxd5 4. Bd3 Nc6 5. c3 g6 6. Nf3 f6 7. O-O Bg7 8. Re1 Bg4 9. Nbd2 e5 10.
dxe5 Bxf3 11. exf6+ Kf7 12. fxg7 Bxd1 13. gxh8=Q 1-0

[Event "Early-Titled-Tuesday-Blitz-June-18-2024"]
[Site "Chess.com"]
[Date "2024.06.18"]
[Round "8"]
[White "AttilaTurzo"]
[Black "ozates"]
[Result "1/2-1/2"]
[WhiteElo "2458"]
[BlackElo "2624"]
[TimeControl "180+1"]
[EndTime "9:26:02 PDT"]
[Termination "Game drawn by repetition"]

1. d4 Nf6 2. c4 g6 3. Nc3 Bg7 4.
e4 d6 5. Be2 O-O 6. Nf3 e5 7. Be3 Nc6 8. d5 Ne7 9. Nd2 Nd7 10. g4 a5 11. h4 f5 12. gxf5 gxf5 13.
exf5 Nxf5 14. Nde4 Nf6 15. Bg5 Qe8 16. Rg1 Nxe4 17. Nxe4 Kh8 18. Bh5 Qd7 19. Bg4 Qe8 20.
Bh5 Qd7 21. Bg4 Qe8 22. Bh5 1/2-1/2

[Event "Early-Titled-Tuesday-Blitz-June-18-2024"]
[Site "Chess.com"]
[Date "2024.06.18"]
[Round "8"]
[White "shirovin"]
[Black "romulocardoso"]
[Result "0-1"]
[WhiteElo "2101"]
[BlackElo "2330"]
[TimeControl "180+1"]
[EndTime "9:26:09 PDT"]
[Termination "romulocardoso won by resignation"]

1. d4 Nf6 2. Nc3 g6 3. Bg5 Bg7 4. e4 d6 5. f4 h6 6. Bh4 c5 7. d5 Qa5 8. Bb5+ Bd7 9. Bxd7+ Nbxd7 10. Qd2 Qb4 11. O-O-O Nxe4 12. Qe1 Bxc3 13. bxc3 Qa3+ 0-1

[Event "Early-Titled-Tuesday-Blitz-June-18-2024"]
[Site "Chess.com"]
[Date "2024.06.18"]
[Round "8"]
[White "Pelusiansky"]
[Black "xasid81"]
[Result "1-0"]
[WhiteElo "2458"]
[BlackElo "2613"]
[TimeControl "180+1"]
[EndTime "9:26:14 PDT"]
[Termination "Pelusiansky won by resignation"]

1. c4 Nf6 2. Nc3 e6 3. e4 d5 4. e5 Ne4 5. Nf3 Nxc3 6. dxc3 Be7 7. h4 dxc4 8. Qa4+ Bd7 9. Qxc4 Bc6 10. Qg4 Kf8 11.
Be3 Nd7 12. O-O-O Qe8 13. h5 h6 14. Rh3 b6 15. Rg3 Rh7 16. Bxh6 Bxf3 17. Bxg7+ Kg8 18.
gxf3 f5 19. exf6 Ne5 20. Qxe6+ 1-0

[Event "Early-Titled-Tuesday-Blitz-June-18-2024"]
[Site "Chess.com"]
[Date "2024.06.18"]
[Round "8"]
[White "FredddieCroderg"]
[Black "ReadySkate"]
[Result "0-1"]
[WhiteElo "2330"]
[BlackElo "2794"]
[TimeControl "180+1"]
[EndTime "9:26:19 PDT"]
[Termination "ReadySkate won by checkmate"]

1. e4 c5 2. Bc4 e6 3. Qf3 Nc6 4. d3 Nf6 5. Nc3 Ne5 6. Qg3 Nxc4 7. dxc4 d6 8. Be3 Be7 9. O-O-O Qa5 10. Qxg7 Rg8 11.
Qh6 Rxg2 12. Nb5 Rg6 13. Qf4 e5 14. Qh4 Qxa2 15. Nxd6+ Bxd6 16. Rxd6 Qa1+ 17. Kd2 Nxe4+ 18. Qxe4 Rxd6+ 19. Kc3 Qa5+ 20. Kb3 Rb6# 0-1

[Event "Early-Titled-Tuesday-Blitz-June-18-2024"]
[Site "Chess.com"]
[Date "2024.06.18"]
[Round "8"]
[White "Mikhail_Golubev"]
[Black "CristhianPortalR"]
[Result "1-0"]
[WhiteElo "2660"]
[BlackElo "2505"]
[TimeControl "180+1"]
[EndTime "9:26:24 PDT"]
[Termination "Mikhail_Golubev won by resignation"]

1. e4 c5 2. Nf3 d6 3. d4 cxd4 4.
Nxd4 Nf6 5. Nc3 a6 6. Bc4 e6 7.
Bb3 Nbd7 8. f4 Nc5 9. f5 e5 10. Nde2 Bd7 11. Bg5 Bc6 12. Bd5 Be7 13. Bxf6 Bxf6 14.
O-O O-O 15. Kh1 Qc7 16. Ng3 Bg5 17. Qg4 Qd8 18. f6 g6 19. Qxg5 1-0

[Event "Early-Titled-Tuesday-Blitz-June-18-2024"]
[Site "Chess.com"]
[Date "2024.06.18"]
[Round "8"]
[White "Eduard_Limonov"]
[Black "Dolphin_2010"]
[Result "0-1"]
[WhiteElo "2923"]
[BlackElo "2762"]
[TimeControl "180+1"]
[EndTime "9:26:33 PDT"]
[Termination "Dolphin_2010 won by resignation"]

1. e4 c6 2. d4 d5 3. Nc3 dxe4 4.
Nxe4 Nf6 5. Nxf6+ exf6 6. Bd3 Bd6 7. Qh5 g6 8. Qh6 Bf8 9. Qe3+ Be7 10. h4 Be6 11. h5 g5 12. Ne2 f5 13. Bd2 Nd7 14.
O-O-O f4 15. Qf3 Nf6 16. Nxf4 Bg4 17. Qg3 gxf4 18. Bxf4 Bxd1 19. Rxd1 Nxh5 0-1

[Event "Early-Titled-Tuesday-Blitz-June-18-2024"]
[Site "Chess.com"]
[Date "2024.06.18"]
[Round "8"]
[White "CMButgood"]
[Black "mortngabriel"]
[Result "0-1"]
[WhiteElo "2016"]
[BlackElo "2480"]
[TimeControl "180+1"]
[EndTime "9:27:01 PDT"]
[Termination "mortngabriel won by resignation"]

1. e4 c5 2. Nf3 Nc6 3. d4 cxd4 4. Nxd4 g6 5. Nc3 Bg7 6. Be3 Nf6 7. Bc4 O-O 8. Bb3 d6 9. f3 Nxd4 10. Bxd4 Qa5 11. Qd2 Be6 12. O-O b5 13. a3 Bxb3 14. cxb3 Rab8 15. b4 Qc7 16. Rac1 Qb7 17. Rfd1 Rfc8 18.
Qe3 a6 19. e5 dxe5 20. Bxe5 Ra8 21. Kh1 Rd8 22. Qe2 Rac8 23. Rxd8+ Rxd8 24. Rd1 Rc8 25. Qd3 Ng4 26. Bxg7 Nf2+ 27. Kg1 Nxd3 0-1

[Event "Early-Titled-Tuesday-Blitz-June-18-2024"]
[Site "Chess.com"]
[Date "2024.06.18"]
[Round "8"]
[White "Hudijegszid"]
[Black "mangochessgo"]
[Result "0-1"]
[WhiteElo "2524"]
[BlackElo "2673"]
[TimeControl "180+1"]
[EndTime "9:27:02 PDT"]
[Termination "mangochessgo won by resignation"]

1. b3 Nf6 2. Bb2 b6 3. c4 Bb7 4. Nf3 c5 5. g3 d6 6. Bg2 Nbd7 7. O-O e6 8. Nc3 Be7 9. e3 O-O 10. d4 Ne4 11. d5 Nxc3 12. Bxc3 exd5 13. cxd5 Bf6 14. Rc1 Bxc3 15. Rxc3 Nf6 16. Rd3 Ba6 17. Re1 Bxd3 18. Qxd3 Re8 19. e4 Rc8 20. Nh4 g6 21.
Nf3 Rc7 22. Nd2 Rce7 23. f4 b5 24. Qxb5 Nxd5 25. Rd1 Nc3 26. Qf1 Nxd1 27. Qxd1 Qa5 28. Nc4 Qxa2 29. Nxd6 Rd8 30. e5 Qb2 31. Bd5 Qd4+ 32.
Qxd4 cxd4 33. Kf2 Rxd6 34. exd6 Rd7 35. Kf3 Rxd6 36. Ke4 Rxd5 0-1

[Event "Early-Titled-Tuesday-Blitz-June-18-2024"]
[Site "Chess.com"]
[Date "2024.06.18"]
[Round "8"]
[White "luckyswitchback"]
[Black "PLAYER_2006_M"]
[Result "1/2-1/2"]
[WhiteElo "2856"]
[BlackElo "2964"]
[TimeControl "180+1"]
[EndTime "9:27:05 PDT"]
[Termination "Game drawn by agreement"]

1. e4 e5 2. Nf3 Nf6 3. Nxe5 d6 4. Nf3 Nxe4 5. d3 Nf6 6. d4 g6 7. Be2 Bg7 8. O-O O-O 9. Re1 c5 10. Nc3 Nc6 11. Bg5 h6 12. Bxf6 Bxf6 13. Ne4 cxd4 14. Nxf6+ Qxf6 15. Bb5 d3 16. c3 Bg4 17. Bxd3 Bxf3 18.
Qxf3 Qf4 19. Qxf4 Kg7 20. Rad1 Rae8 21. Rxe8 Rxe8 22. h3 Ne5 23. Qd4 Re6 24. Bc4 Rf6 25. Bd5 b6 26. g3 g5 27. Kg2 h5 28. Re1 h4 29. Rxe5 dxe5 30. Qxe5 hxg3 31. fxg3 Kg6 1/2-1/2

[Event "Early-Titled-Tuesday-Blitz-June-18-2024"]
[Site "Chess.com"]
[Date "2024.06.18"]
[Round "8"]
[White "Nf3c5"]
[Black "AjedrezInteligente"]
[Result "1-0"]
[WhiteElo "2603"]
[BlackElo "2422"]
[TimeControl "180+1"]
[EndTime "9:27:15 PDT"]
[Termination "Nf3c5 won by resignation"]

1. Nf3 d5 2. g3 g6 3. c4 Bg7 4.
cxd5 Nf6 5. e4 O-O 6. Nc3 c6 7. dxc6 Nxc6 8. d4 Bg4 9. d5 Nd4 10. Bg2 Nd7 11. Be3 Nxf3+ 12. Bxf3 Bxf3 13. Qxf3 Qa5 14.
Bd2 Ne5 15. Qe2 Rac8 16. O-O Nc4 17. Be1 Qb4 18. Rb1 Nxb2 19. Rxb2 1-0

[Event "Early-Titled-Tuesday-Blitz-June-18-2024"]
[Site "Chess.com"]
[Date "2024.06.18"]
[Round "8"]
[White "Zohid6"]
[Black "Timerkhanov"]
[Result "1-0"]
[WhiteElo "2971"]
[BlackElo "2714"]
[TimeControl "180+1"]
[EndTime "9:27:37 PDT"]
[Termination "Zohid6 won by resignation"]

1. e4 c5 2. Nf3 a6 3. c3 d5 4. e5 Nc6 5. d4 cxd4 6. cxd4 Bg4 7. Be3 e6 8. Nbd2 Nge7 9. Bd3 Nf5 10. h3 Bxf3 11. Nxf3 Bb4+ 12. Ke2 Nxe3 13. fxe3 O-O 14.
Qc2 g6 15. Raf1 Rc8 16. Qb1 f5 17. h4 Be7 18. h5 Nb4 19. hxg6 hxg6 20. Rh6 Kg7 21.
Rfh1 Rg8 22. g4 Qa5 23. gxf5 exf5 24. Bxf5 Qb5+ 25. Kf2 Rh8 26. Rxg6+ Kf7 27. Be6+ 1-0

[Event "Early-Titled-Tuesday-Blitz-June-18-2024"]
[Site "Chess.com"]
[Date "2024.06.18"]
[Round "8"]
[White "eltenedor"]
[Black "urano56"]
[Result "1-0"]
[WhiteElo "2134"]
[BlackElo "2385"]
[TimeControl "180+1"]
[EndTime "9:27:44 PDT"]
[Termination "eltenedor won by resignation"]

1. f4 d5 2. b3 c5 3. e3 Nc6 4. Bb5 Nf6 5. Nf3 e6 6. Bxc6+ bxc6 7. Ne5 Qc7 8. Bb2 Bd6 9. g4 Ba6 10. g5 Ne4 11. d3 Bxe5 12. Bxe5 Qa5+ 13. Nd2 Nc3 14. Qh5 O-O 15. Rg1 c4 16. Rg3 g6 17.
Qxh7+ 1-0

[Event "Early-Titled-Tuesday-Blitz-June-18-2024"]
[Site "Chess.com"]
[Date "2024.06.18"]
[Round "8"]
[White "PapaieDudu"]
[Black "rollercoaster29"]
[Result "0-1"]
[WhiteElo "2346"]
[BlackElo "2515"]
[TimeControl "180+1"]
[EndTime "9:27:48 PDT"]
[Termination "rollercoaster29 won by resignation"]

1. Nf3 Nf6 2. d4 g6 3. c4 Bg7 4. Nc3 d6 5. g3 O-O 6. Bg2 c5 7.
O-O Nc6 8. d5 Na5 9. b3 Nxd5 10.
Nxd5 Bxa1 11. Bh6 Bg7 12. Bxg7 Kxg7 13. h4 e6 14. Qa1+ f6 15. Nf4 e5 16. Nd5 Be6 17.
Ne3 Nc6 18. Rd1 Nd4 19. Kf1 Qd7 20. Ng1 Rab8 21. Rd2 b5 22. cxb5 d5 23. Nd1 Nxb5 24.
e3 d4 25. a4 Nd6 26. Qc1 Rfc8 27. h5 Bxb3 28. h6+ Kh8 29. f4 Nc4 30. Rd3 Bxd1 31.
Rxd1 Qxa4 32. fxe5 Qxd1+ 33. Qxd1 Nxe3+ 34. Ke1 Nxd1 35. Kxd1 Rb1+ 36. Kc2 Rcb8 37. exf6 c4 38.
Bb7 R8xb7 0-1

[Event "Early-Titled-Tuesday-Blitz-June-18-2024"]
[Site "Chess.com"]
[Date "2024.06.18"]
[Round "8"]
[White "Kgli1m"]
[Black "Weifd"]
[Result "1/2-1/2"]
[WhiteElo "2101"]
[BlackElo "2360"]
[TimeControl "180+1"]
[EndTime "9:27:53 PDT"]
[Termination "Game drawn by repetition"]

1. d4 Nf6 2. b3 d5 3. Nf3 e6 4. Bb2 c5 5. e3 Be7 6. c4 O-O 7. Nbd2 cxd4 8. exd4 dxc4 9. bxc4 b6 10. Bd3 Bb7 11. O-O Nc6 12. Qe2 Rc8 13. Rfd1 Na5 14. Rac1 Ba6 15. Ne5 Qc7 16. h3 Rfd8 17. g4 Bb4 18. g5 Nd7 19. Bxh7+ Kxh7 20. Qh5+ Kg8 21.
Qxf7+ Kh8 22. Qh5+ Kg8 23. Qf7+ Kh8 24. Qh5+ Kg8 25.
Qf7+ 1/2-1/2

[Event "Early-Titled-Tuesday-Blitz-June-18-2024"]
[Site "Chess.com"]
[Date "2024.06.18"]
[Round "8"]
[White "ningyzhou"]
[Black "dealshark"]
[Result "0-1"]
[WhiteElo "2153"]
[BlackElo "2452"]
[TimeControl "180+1"]
[EndTime "9:27:56 PDT"]
[Termination "dealshark won by resignation"]

1. e4 c5 2. Nf3 d6 3. d4 cxd4 4. Nxd4 Nf6 5. Nc3 a6 6. Bg5 Nbd7 7. Bc4 h6 8. Be3 e6 9. O-O Be7 10. Bb3 O-O 11. f4 Nc5 12. Qf3 Nxb3 13. axb3 Qc7 14. Qg3 Kh7 15. Ndb5 Qc6 16. Nxd6 Bxd6 17. e5 Nh5 18.
Qg4 Bc5 19. Qxh5 Bxe3+ 20. Kh1 b5 21. Rf3 Bb7 22. Qh3 Bd4 23. Rd1 Rad8 24. Rfd3 Bb6 25. Rxd8 Rxd8 26. Rxd8 Bxd8 27. Qd3+ g6 28. Qd2 Bb6 29.
h3 Be3 30. Qe2 Bxf4 0-1

[Event "Early-Titled-Tuesday-Blitz-June-18-2024"]
[Site "Chess.com"]
[Date "2024.06.18"]
[Round "8"]
[White "kleinebeer98"]
[Black "GMAkobianSTL"]
[Result "1-0"]
[WhiteElo "2976"]
[BlackElo "2852"]
[TimeControl "180+1"]
[EndTime "9:28:00 PDT"]
[Termination "kleinebeer98 won by resignation"]

1. e4 d6 2. d4 Nf6 3. Nc3 c6 4. f4 Qa5 5. Bd3 e5 6. dxe5 dxe5 7. Nf3 Bg4 8. O-O Nbd7 9. Kh1 Be7 10. Bd2 Qc7 11.
Qe1 Bxf3 12. Rxf3 exf4 13. Bxf4 Ne5 14. Bxe5 Qxe5 15. Rf5 Qe6 16. e5 Nd7 17. Ne4 g6 18. Rf2 Nxe5 19. Re2 O-O 20. Nc5 Bxc5 21. Rxe5 Qd6 22.
Bc4 Bd4 23. Re7 b5 24. Bb3 Bf6 25. Rb7 Rfe8 26. Bxf7+ Kf8 27. Bxe8 Rxe8 28. Qf2 Kg8 29. Rf1 Rf8 30. Qxa7 Bxb2 31. Rxf8+ Qxf8 32. Rb8 1-0